 Dungeon Crawl Stone Soup version 0.28-a0-224-g76b539d98b (webtiles) character file.

Game seed: 8403191446864062560

281 Arne the Gusty (level 6, -2/36 HPs)
             Began as a Tengu Air Elementalist on Aug 21, 2021.
             Slain by an iron imp (8 damage)
             ... summoned by Eustachio
             ... on level 4 of the Dungeon.
             The game lasted 00:34:52 (2764 turns).

Arne the Gusty (Tengu Air Elementalist)             Turns: 2764, Time: 00:34:52

Health: -2/36      AC:  5    Str:  9    XL:     6   Next: 27%
Magic:  1/11       EV: 16    Int: 15    God:
Gold:   157        SH:  0    Dex: 16    Spells: 10/11 levels left

rFire   . . .      SeeInvis .   j - +0 dagger
rCold   . . .      Faith    .   (no shield)
rNeg    . . .      Spirit   .   a - +0 robe
rPois   .          Reflect  .   m - +2 hat
rElec   .          Harm     .   g - +0 cloak
rCorr   .          Rampage  .   (no gloves)
Will    .....                   (boots unavailable)
Stlth   ++........              (no amulet)
HPRegen 0.12/turn               c - ring of flight
MPRegen 0.12/turn               (no ring)

@: weak-willed, flying quickly and evasively, quick
A: beak, talons 3, nimble flight
a: no special abilities


You were on level 4 of the Dungeon.
You visited 1 branch of the dungeon, and saw 4 of its levels.

You collected 157 gold pieces.

Inventory:

Hand Weapons
 j - a +0 dagger (weapon)
Missiles
 h - 15 poisoned darts
Armour
 a - a +0 robe (worn)
 g - a +0 cloak (worn)
 m - a +2 hat (worn)
Jewellery
 c - a ring of flight (left hand)
Scrolls
 b - a scroll of vulnerability
 i - a scroll of identify
 l - a scroll of acquirement {unknown}
 n - a scroll of teleportation {unknown}
Potions
 d - 2 potions of curing
 e - a potion of might {unknown}
 f - 2 potions of cancellation {unknown}
 k - a potion of lignification {unknown}


   Skills:
 * Level 2.4 Fighting
 + Level 0.5 Short Blades
 * Level 3.8 Dodging
 + Level 2.1 Stealth
 + Level 3.2 Spellcasting
 + Level 2.5 Conjurations
 + Level 5.5 Air Magic


You had 10 spell levels left.
You knew the following spells:

 Your Spells              Type           Power      Damage    Failure   Level
a - Shock                 Conj/Air       56%        1d6       3%          1

Your spell library contained the following spells:

 Spells                   Type           Power      Damage    Failure   Level
 Static Discharge         Conj/Air       14%        N/A       5%          2
 Swiftness                Air            19%        N/A       6%          3
 Pain                     Necr           8%         1d4       21%         1
 Airstrike                Air            9%         N/A       21%         4
 Agony                    Necr           2%         N/A       99%         5
 Excruciating Wounds      Necr           1%         N/A       99%         5
 Borgnjor's Revivificati  Necr           1%         N/A       100%        8
 Necromutation            Tmut/Necr      1%         N/A       100%        8
 Death's Door             Necr           1%         N/A       100%        9


Dungeon Overview and Level Annotations

Branches:
Dungeon (4/15)
 Temple: D:4-7

Altars:
Gozag
Kikubaaqudgha
Vehumet

Annotations:
D:3 exclusion: statue
D:4 1 runed translucent door, Crazy Yiuf, Eustachio


Innate Abilities, Weirdness & Mutations

You have a beak for a mouth.
You have claws for feet.
Your magical nature lets you fly swiftly and evasively.


Message History

The quokka is heavily wounded.
The zap misses Eustachio.
The quokka completely misses you. The shadow imp completely misses you.
The quokka completely misses you. The white imp misses you.
Casting: Shock (safe; 3% risk of failure)
Confirm with . or Enter, or press ? or * to list all spells.
You don't have enough magic to cast this spell.
You hit Eustachio but do no damage.
Eustachio is severely wounded.
The shadow imp closely misses you.
Eustachio mumbles some strange words.
The quokka misses you. The white imp closely misses you.
You hit Eustachio. You peck Eustachio, but do no damage.
Eustachio is severely wounded.
The shadow imp closely misses you. Eustachio closely misses you.
The ufetubus hits you. The ufetubus closely misses you. The quokka misses you.
The white imp gestures at you. The puff of frost hits you.
You hit Eustachio but do no damage.
Eustachio is severely wounded.
The ufetubus hits you. x2
* * * LOW HITPOINT WARNING * * *
The shadow imp hits you.
* * * LOW HITPOINT WARNING * * *
The quokka closely misses you. Eustachio hits you but does no damage.
The iron imp closely misses you. The ufetubus barely misses you.
The ufetubus misses you. The white imp hits you.
* * * LOW HITPOINT WARNING * * *
The white imp freezes you.
* * * LOW HITPOINT WARNING * * *
Unknown command.
You feel better.
The white imp disappears in a puff of smoke!
The quasit disappears in a puff of smoke!
The shadow imp misses you. The quokka closely misses you.
Eustachio hits you with a +0 falchion.
* * * LOW HITPOINT WARNING * * *
The ufetubus barely misses you. The ufetubus completely misses you.
The iron imp hits you!
You die...

.. +# ♣♣. ♣.♣ ♣♣.♣
♣.♣♣ ...... ..
♣♣§♣♣ #...... ..
♣@r5♣♣ ##.....##..
♣.@§.♣ ..........
#.55.# #........
#....######........
##......#....5@....
##...).....r......
#####...5........
##.....PPP...
##...PP♣P...
#...PP.P...


You could see Eustachio, an iron imp (summoned), a shadow imp (summoned), an
ufetubus (summoned) and a quokka (summoned).

Vanquished Creatures
  A vampire bat (D:3)
  A centaur zombie (D:4)
  An orc wizard (D:3)
  3 adders
  A worm (D:2)
  A dart slug (D:2)
  3 fire bats (D:3)
  3 orcs (D:3)
  2 spectral bats (D:3)
  3 bat skeletons (D:3)
  A bat zombie (D:3)
  5 endoplasms
  5 giant cockroaches
  8 hobgoblins
  2 jackals (D:2)
  6 quokkas
  6 ball pythons
  16 bats
  A bat simulacrum (D:3)
  A frilled lizard (D:1)
  5 goblins
  3 kobolds
  3 rats
81 creatures vanquished.

Notes
Turn   | Place    | Note
-------+----------+-------------------------------------------
     0 | D:1      | Arne the Tengu Air Elementalist began the quest for the
                  | Orb.
     0 | D:1      | Reached XP level 1. HP: 10/10 MP: 4/4
     0 | D:1      | Noticed a minotaur skeleton
   159 | D:1      | Reached XP level 2. HP: 13/15 MP: 1/6
   538 | D:1      | Reached XP level 3. HP: 12/20 MP: 0/7
   889 | D:2      | Found a faded altar of an unknown god.
  1299 | D:2      | Reached skill level 1 in Fighting
  1299 | D:2      | Reached XP level 4. HP: 21/25 MP: 2/8
  1701 | D:2      | Reached skill level 5 in Air Magic
  1825 | D:3      | Found a radiant altar of Vehumet.
  1825 | D:3      | Noticed a charred statue
  1940 | D:3      | Found an ancient bone altar of Kikubaaqudgha.
  1953 | D:3      | Found an opulent altar of Gozag.
  2127 | D:3      | Gained mutation: Your magical nature lets you fly swiftly
                  | and evasively. [Tengu growth]
  2127 | D:3      | Reached XP level 5. HP: 15/30 MP: 0/10
  2464 | D:3      | Reached XP level 6. HP: 36/36 MP: 3/11
  2649 | D:4      | Noticed a black bear
  2694 | D:4      | Noticed Eustachio
  2717 | D:4      | Found a runed translucent door.
  2718 | D:4      | Noticed Crazy Yiuf
  2763 | D:4      | HP: 1/36 [white imp[Eustachio] (4)]
  2764 | D:4      | Slain by an iron imp

Illustrated notes

Levels and vault maps discovered:
D:1:      shiori_arrival_whats_in_store_for_you, layout_basic
D:2:      minmay_door_path, layout_basic,
          shapermc_ecumenical_altar_mp_urbaneastern, guppyfry_early_lair_pool
D:3:      layout_loops_ring, vehumet_statue, mainiacjoe_overflow_swirl,
          minmay_misc_feat_room, goddamned_bats
D:4:      cheibrodos_barr_body, layout_cave_pools,
          minmay_temple_entry_stoned_glass, serial_park, serial_park_tiny_pond,
          serial_park_square2, uniq_grinder, uniq_eustachio,
          uniq_crazy_yiuf_cottage

Skill      XL: |  1  2  3  4  5 |
---------------+----------------+-----
Fighting       | 1 2 |  2.4
Conjurations   | 2 |  2.5
Air Magic      | 5 |  5.5
Dodging        | 3 |  3.8
Spellcasting   | 3 |  3.2
Short Blades   | |  0.5
Stealth        | |  2.1

Action                   |  1- 3 |  4- 6 || total
-------------------------+-------+-------++-------
Melee: Unarmed           |    17 |     7 ||    24
       Peck              |     5 |    20 ||    25
       Kick              |     5 |    20 ||    25
       Dagger            |       |    85 ||    85
 Cast: Shock             |    72 |    71 ||   143
  Use: Scroll            |       |     2 ||     2
       Potion            |       |     1 ||     1
Armor: Robe              |     3 |    73 ||    76
Dodge: Dodged            |    25 |   222 ||   247

Table legend: (Time is in decaauts)
 A = Elapsed time spent in this place.
 B = Non-inter-level travel time spent in this place.
 C = Inter-level travel time spent in this place.
 D = Time resting spent in this place.
 E = Time spent auto-exploring this place.
 F = Levels seen in this place.
 G = Mean time per level.
                   A        B        C        D        E       F      G
               +--------+--------+--------+--------+--------+-----+--------+
         Total |   2717 |   2650 |     67 |     75 |    111 |   4 |  679.2 |
       Dungeon |   2717 |   2650 |     67 |     75 |    111 |   4 |  679.2 |
               +--------+--------+--------+--------+--------+-----+--------+

Top non-repeatable levels by time:
     D:2: 950 daAuts
     D:1: 799 daAuts
     D:3: 761 daAuts
     D:4: 206 daAuts
